 Dungeon Crawl Stone Soup version 0.20-a0-517-g5f97612 (webtiles) character file.

155052 HEYYEYAAE the Shatterer (level 17, -10/156 HPs)
             Began as a Troll Berserker on Jan 24, 2017.
             Was the Champion of Trog.
             Shot with a bolt by Vashnia (28 damage)
             ... on level 4 of the Snake Pit.
             The game lasted 00:53:53 (28314 turns).

HEYYEYAAE the Shatterer (Troll Berserker)          Turns: 28314, Time: 00:53:54

Health: -10/156    AC: 19    Str: 37    XL:     17   Next: 7%
Magic:  0/20       EV: 12    Int:  3    God:    Trog [******]
Gold:   63         SH:  0    Dex:  9    Spells: 14/16 levels left

rFire    + . .     SeeInvis .   q - +6 giant club "Dothoysa" {flame, Fragile rPois rC+ MR+ Str+3}
rCold    + + .     Gourm    +   d - +6 acid dragon scales
rNeg     . . .     Faith    .   (shield currently unavailable)
rPois    +         Spirit   .   (helmet restricted)
rElec    .         Reflect  .   m - +1 cloak {MR+}
rCorr    +         Harm     +   (gloves unavailable)
MR       ++++.                  (boots unavailable)
Stlth    +.........             K - amulet of harm
Regen    0.8/turn               O - ring of protection from cold
                                r - ring "Qourr" {rF+ MR+}

@: lethally poisoned (-10 -> -15), exhausted, very slightly contaminated,
slowed, very slow
A: unfitting armour, claws 3, fast metabolism 3, gourmand, regeneration 1,
shaggy fur 1, tough skin 2
a: Berserk, Trog's Hand, Brothers in Arms, Burn Spellbooks, Renounce Religion


You were on level 4 of the Snake Pit.
You worshipped Trog.
Trog was exalted by your worship.
You were full.

You visited 4 branches of the dungeon, and saw 27 of its levels.
You also visited: Ossuary and Bailey.

You collected 2515 gold pieces.
You spent 2452 gold pieces at shops.

Inventory:

Hand Weapons
 f - a +2 great mace of crushing
 p - a +2 flail of holy wrath
 q - the +6 giant club "Dothoysa" (weapon) {flame, Fragile rPois rC+ MR+ Str+3}
   (Trog gifted it to you on level 2 of the Lair of Beasts)

   It has been specially enchanted to burn those struck by it, causing extra
   injury to most foes and up to half again as much damage against particularly
   susceptible opponents.
   It affects your strength (+3).
   It protects you from cold.
   It protects you from poison.
   It affects your resistance to hostile enchantments.
   It will be destroyed if unequipped.
 y - a +8 giant club of crushing
 D - a +0 dire flail of protection
 X - a +8 antimagic giant spiked club
Missiles
 P - 4 large rocks (quivered)
Armour
 d - +6 acid dragon scales (worn)
 m - a +1 cloak of magic resistance (worn)
Jewellery
 b - an uncursed ring of positive energy
 o - an uncursed ring of poison resistance
 r - the ring "Qourr" (left claw) {rF+ MR+}
   (You bought it in a shop on level 2 of the Orcish Mines)

   [ring of protection from magic]

   It protects you from fire.
   It affects your resistance to hostile enchantments.
 K - an amulet of harm (around neck)
 O - a ring of protection from cold (right claw)
Wands
 a - a wand of scattershot (5/9)
 g - a wand of lightning (2/15)
 k - a wand of confusion (4/48)
 G - a wand of iceblast (11/15)
 H - a wand of confusion (32/48)
 J - a wand of enslavement (2/24)
 R - a wand of paralysis (0/24)
 S - a wand of acid (4/15)
 U - a wand of iceblast (10/15)
 Y - a wand of flame (18/48)
 Z - a wand of polymorph (10/24)
Scrolls
 i - 5 scrolls of magic mapping
 j - a scroll of vulnerability
 l - 11 scrolls of remove curse
 s - 6 scrolls of recharging
 t - 2 scrolls of brand weapon
 u - 5 scrolls of fog
 z - 4 scrolls of teleportation
 N - 5 scrolls of fear
 V - 2 scrolls of identify
Potions
 e - 6 potions of flight
 x - a potion of heal wounds
 A - 5 potions of might
 B - 3 potions of ambrosia
 C - 4 potions of lignification
 E - 6 potions of haste
 F - a potion of magic
 I - 11 potions of curing
 L - 3 potions of cancellation
 T - 2 potions of resistance
 W - 5 potions of brilliance
Miscellaneous
 v - a lightning rod (4/4)
 Q - a fan of gales
Comestibles
 c - 17 bread rations
 h - 16 meat rations
 n - 14 royal jellies
 M - 30 fruits


   Skills:
 + Level 7.0 Fighting
 * Level 22.6 Maces & Flails
 + Level 6.4 Armour
 + Level 7.2 Dodging
 + Level 6.5 Evocations


You had 14 spell levels left.
You knew the following spells:

 Your Spells              Type           Power        Failure   Level  Hunger
a - Blink                 Tloc           N/A          89%         2    ###....


Dungeon Overview and Level Annotations

Branches:
Dungeon (15/15)            Temple (0/1) D:4            Lair (6/6) D:8
  Swamp (0/4) Lair:2        Snake (4/4) Lair:4        Slime (0/5) Lair:6
    Orc (2/2) D:9             Elf (0/3) Orc:2        Vaults (0/5) D:14
 Depths (0/5) D:15

Altars:
Ashenzari
Cheibriados
Fedhas
Gozag
Hepliaklqana
Kikubaaqudgha
Makhleb
Okawaru
Ru
Sif Muna
Trog
Uskayaw
Xom
Jiyva

Shops:
D:9 ?   D:10 (   Orc:2 **:?   Snake:2 ?[

Portals:
Trove: D:14 (give 5 potions of resistance)

Annotations:
Snake:4 Vashnia


Innate Abilities, Weirdness & Mutations

You are too large for most types of armour.
You have claws for hands.
Your metabolism is lightning-fast.
You like to eat raw meat.
Your natural rate of healing is unusually fast.
You are covered in fur. (AC +1)
You have very tough skin. (AC +2)


Message History

You are engulfed in flames.
You resist.
* * * LOW HITPOINT WARNING * * *
The mana viper bites you but does no damage.
The salamander barely misses you.
Unknown command.
Blink to where?
Press: ? - help, Dir - move target cursor You are very lightly contaminated with residual magic.
As you read the scroll of blinking, it crumbles to dust.
Vashnia the Elite Marksnaga comes into view.
She is wielding a mace of holy wrath.
You feel sick.
Vashnia shouts!
The naga spits poison at you. The splash of poison hits you!
You are more poisoned.
You resist.
Vashnia unwields an uncursed mace of holy wrath.
It stops glowing.
Vashnia wields an uncursed arbalest.
Vashnia shoots a bolt.
The bolt hits you!!
You die...

.....## #.)...# .
#.....# .. #.....# ....
#.....## ##....
#......######......
#..................
#)=........@.......
######)[................
.....))........^.......N
....<)..###..N.........N
#+#.)...#.+#.)....##....
#)'.....#..S)._...# #...
###.....#††#NN...## ...
.......#§##.....# ..
........#+#.....##


You could see Vashnia, a naga warrior, a naga sharpshooter, a salamander, a mana
viper and a naga.

Vanquished Creatures
  3 nagarajas
  A dire elephant (D:15)
  A fire dragon (Lair:6)
  A vault guard (D:14)
  16 naga warriors
  5 hydras
  6 centaur warriors
  12 two-headed ogres
  A catoblepas (Lair:6)
  An ogre mage (D:15)
  14 death yaks
  2 death knights
  8 anacondas
  3 orc high priests (Orc:2)
  8 shock serpents
  Nergalle (Lair:4)
  3 naga sharpshooters
  3 skeletal warriors (D:15)
  2 salamander mystics (Snake:4)
  2 unseen horrors
  A swamp dragon (Lair:6)
  3 naga ritualists
  5 orc knights
  Pikel (D:7)
  10 ugly things
  4 manticores
  A cyclops (D:15)
  7 salamanders
  3 wolf spiders
  8 mana vipers
  5 orc sorcerers
  8 slime creatures
  4 centaur zombies
  12 elephants
  37 black mambas
  4 guardian serpents
  A torpor snail (Lair:5)
  A gargoyle (D:13)
  16 spiny frogs
  13 naga magi
  A kobold demonologist (D:12)
  2 freezing wraiths
  An efreet (D:15)
  5 komodo dragons
  4 rime drakes
  A queen bee (D:15)
  3 meliai (D:15)
  3 hornets
  4 trolls
  2 polar bears (Lair:6)
  9 hippogriffs
  A dream sheep (Lair:5)
  17 blink frogs
  Sigmund (D:4)
  A spriggan (D:7)
  2 shadows
  14 wyverns
  3 water elementals
  A centaur simulacrum (D:14)
  30 yaks
  A wraith (D:15)
  4 basilisks
  6 vampire mosquitoes (D:14)
  3 steam dragons
  3 wargs
  7 hungry ghosts
  35 nagas
  5 acid dragons
  18 water moccasins
  11 porcupines
  A black bear (D:7)
  30 orc warriors
  5 sky beasts
  4 ice beasts
  A slave (D:7)
  2 phantoms
  3 eyes of draining
  A necrophage (D:7)
  9 ogres
  16 centaurs
  9 crocodiles
  Blork the orc (D:4)
  27 bullfrogs
  A gnoll sergeant (D:10)
  6 scorpions
  A wyvern skeleton (D:10)
  19 killer bees
  12 wights
  3 electric eels
  6 howler monkeys
  7 crimson imps
  5 bullfrog zombies
  A quasit (D:8)
  6 hounds
  17 orc priests
  6 jellies
  3 bullfrog skeletons
  23 orc wizards
  5 centaur skeletons
  3 iguanas
  9 worker ants
  Terence (D:2)
  9 mummies
  Robin (D:2)
  4 gnolls (D:7)
  16 adders
  A shadow imp (D:15)
  A worm (D:5)
  A dart slug (Bailey)
  4 leopard geckos
  84 orcs
  3 ball pythons
  7 bats
  2 giant cockroaches
  A gnoll zombie (Ossuary)
  16 goblins
  10 hobgoblins
  3 jackals (D:1)
  3 quokkas
  3 frilled lizards
  3 hobgoblin zombies (Ossuary)
  A jackal skeleton (D:6)
  7 kobolds
  A kobold zombie (Ossuary)
  5 orc zombies
  A quokka skeleton (D:5)
  A quokka zombie (D:6)
  10 rats
  3 plants (Lair:6)
879 creatures vanquished.

Vanquished Creatures (collateral kills)
  Snorg (D:10)
  Harold (D:10)
  An orc knight (Bailey)
  A salamander (Snake:1)
  A manticore (D:15)
  A naga mage (Snake:1)
  A black mamba (Lair:6)
  2 wyverns (Lair:6)
  A yak (Lair:3)
  2 nagas (Snake:1)
  A water moccasin (Lair:6)
  3 orc warriors (Bailey)
  A killer bee (D:15)
  An orc (Bailey)
18 creatures vanquished.

Vanquished Creatures (others)
  A rime drake (Lair:6)
  5 dream sheep (Lair:6)
  3 slaves (D:7)
  An ogre (D:7)
  A bullfrog zombie (D:7)
  An orc wizard (Orc:2)
  A giant cockroach (D:7)
  6 fungi
  12 plants
31 creatures vanquished.

Grand Total: 928 creatures vanquished

Notes
Turn   | Place    | Note
-------+----------+-------------------------------------------
     0 | D:1      | HEYYEYAAE the Troll Berserker began the quest for the Orb.
     0 | D:1      | Reached XP level 1. HP: 22/22 MP: 0/0
   151 | D:1      | Reached skill level 3 in Maces & Flails
   251 | D:1      | Reached XP level 2. HP: 29/29 MP: 1/1
   685 | D:2      | Reached XP level 3. HP: 21/36 MP: 2/2
   727 | D:2      | Found a sacrificial altar of Ru.
   733 | D:2      | Reached skill level 4 in Maces & Flails
   843 | D:2      | Was placed under penance by Trog
   846 | D:2      | Learned a level 2 spell: Blink
   876 | D:2      | Noticed Terence
   887 | D:2      | Killed Terence
   887 | D:2      | Reached XP level 4. HP: 27/44 MP: 3/3
   909 | D:2      | Noticed Robin
  1498 | D:2      | Was forgiven by Trog
  1504 | D:2      | Killed Robin
  1504 | D:2      | Reached skill level 5 in Maces & Flails
  1820 | D:3      | Reached ** piety under Trog
  2157 | D:3      | Reached XP level 5. HP: 50/50 MP: 4/4
  2519 | D:4      | Found an ancient bone altar of Kikubaaqudgha.
  2522 | D:4      | Found an opulent altar of Gozag.
  2524 | D:4      | Noticed an ogre
  2526 | D:4      | Found a sacrificial altar of Ru.
  2526 | D:4      | Found a blossoming altar of Fedhas.
  2526 | D:4      | Found a snail-covered altar of Cheibriados.
  2526 | D:4      | Found a hazy altar of Hepliaklqana.
  2526 | D:4      | Found an iron altar of Okawaru.
  2527 | D:4      | Found a burning altar of Makhleb.
  2561 | D:5      | Entered Level 5 of the Dungeon
  2861 | D:4      | Reached skill level 6 in Maces & Flails
  2871 | D:4      | Got a faintly glowing robe
  2882 | D:4      | Identified the +1 robe of Crawling {Dex+2} (You found it on level 4 of the Dungeon)
  2903 | D:4      | Reached XP level 6. HP: 57/59 MP: 5/5
  2925 | D:4      | Found a staircase to the Ecumenical Temple.
  2975 | D:4      | Noticed Blork the orc
  2985 | D:4      | Killed Blork the orc
  3087 | D:4      | Noticed Sigmund
  3097 | D:4      | Killed Sigmund
  3097 | D:4      | Reached skill level 7 in Maces & Flails
  3097 | D:4      | Reached XP level 7. HP: 66/66 MP: 6/6
  3211 | D:4      | Found a shattered altar of Ashenzari.
  3212 | D:4      | Found a hide-covered altar of Uskayaw.
  3213 | D:4      | Found a bloodstained altar of Trog.
  3360 | D:5      | Reached skill level 8 in Maces & Flails
  3431 | D:5      | Reached *** piety under Trog
  3771 | D:5      | Reached skill level 9 in Maces & Flails
  3771 | D:5      | Reached XP level 8. HP: 53/74 MP: 7/7
  4008 | D:6      | Found a sand-covered staircase.
  4016 | Ossuary  | Entered an ossuary
  4127 | Ossuary  | Reached skill level 10 in Maces & Flails
  4154 | Ossuary  | Reached **** piety under Trog
  4969 | D:7      | Found a flagged portal.
  5008 | Bailey   | Entered a bailey
  5324 | Bailey   | Reached skill level 11 in Maces & Flails
  5324 | Bailey   | Reached XP level 9. HP: 80/80 MP: 8/8
  5587 | Bailey   | Noticed an orc knight
  5603 | Bailey   | Killed an orc knight
  5773 | D:7      | Reached skill level 12 in Maces & Flails
  5796 | D:7      | Noticed Pikel
  5820 | D:7      | Killed Pikel
  6005 | D:7      | Noticed a two-headed ogre
  6023 | D:7      | Killed a two-headed ogre
  6023 | D:7      | Reached skill level 13 in Maces & Flails
  6023 | D:7      | Reached XP level 10. HP: 53/87 MP: 9/9
  6497 | D:8      | Received a gift from Trog
  6541 | D:8      | Found a staircase to the Lair.
  6544 | D:8      | Noticed a death yak
  6544 | D:8      | Noticed a death yak
  6544 | D:8      | Noticed a death yak
  6545 | D:8      | Noticed a death yak
  6545 | D:8      | Noticed a death yak
  6545 | D:8      | Noticed a death yak
  6573 | D:8      | Noticed a death yak
  6576 | D:8      | Killed a death yak
  6585 | D:8      | Killed a death yak
  6585 | D:8      | Reached skill level 14 in Maces & Flails
  6982 | D:8      | Found an opulent altar of Gozag.
  7276 | D:9      | Noticed a two-headed ogre
  7291 | D:9      | Killed a two-headed ogre
  7603 | D:9      | Reached skill level 15 in Maces & Flails
  7603 | D:9      | Reached XP level 11. HP: 60/94 MP: 10/10
  7657 | D:9      | Found a staircase to the Orcish Mines.
  7830 | D:9      | Found a deep blue altar of Sif Muna.
  7895 | D:9      | Noticed a two-headed ogre
  7909 | D:9      | Killed a two-headed ogre
  7953 | D:9      | Found Hungoil's Magic Scroll Emporium.
  7959 | D:9      | Bought a scroll of teleportation for 45 gold pieces
  7959 | D:9      | Bought a scroll of teleportation for 45 gold pieces
  7959 | D:9      | Bought a scroll of recharging for 142 gold pieces
  7959 | D:9      | Bought a scroll of identify for 30 gold pieces
  7959 | D:9      | Bought a scroll of identify for 30 gold pieces
  7959 | D:9      | Bought a scroll of identify for 30 gold pieces
  7959 | D:9      | Bought a scroll of identify for 30 gold pieces
  7959 | D:9      | Bought a scroll of enchant armour for 112 gold pieces
  7959 | D:9      | Bought a scroll of magic mapping for 52 gold pieces
  8023 | D:9      | Reached ***** piety under Trog
  8395 | D:10     | Entered Level 10 of the Dungeon
  8494 | D:10     | Found Zyagg's Antique Weapon Shoppe.
  8602 | D:10     | Found a runed door.
  8669 | D:10     | Found a runed door.
  8728 | D:10     | Noticed Snorg
  8987 | D:10     | Noticed Harold
  8998 | D:10     | Killed Harold
  9047 | D:10     | Found a shattered altar of Ashenzari.
  9322 | D:10     | Killed Snorg
  9322 | D:10     | Reached skill level 16 in Maces & Flails
  9700 | D:10     | Noticed a centaur warrior
  9713 | D:10     | Killed a centaur warrior
 10094 | D:11     | Killed an unseen horror
 10094 | D:11     | Reached XP level 12. HP: 76/104 MP: 11/11
 10231 | D:11     | Received a gift from Trog
 10231 | D:11     | Reached skill level 17 in Maces & Flails
 10797 | D:12     | Noticed a six-headed hydra
 10827 | D:12     | Killed a six-headed hydra
 11313 | D:12     | Noticed a two-headed ogre
 11318 | D:12     | Killed a two-headed ogre
 11318 | D:12     | Reached skill level 18 in Maces & Flails
 11880 | D:13     | Noticed a two-headed ogre
 11891 | D:13     | Killed a two-headed ogre
 12206 | D:13     | Found an iron altar of Okawaru.
 12453 | D:13     | Received a gift from Trog
 12704 | D:14     | Noticed a six-headed hydra
 12711 | D:14     | Killed a six-headed hydra
 12895 | D:14     | Reached XP level 13. HP: 70/110 MP: 12/12
 13200 | D:14     | Reached skill level 19 in Maces & Flails
 13533 | D:14     | Found a portal to a secret trove of treasure.
 13731 | D:14     | Found a gate to the Vaults.
 14181 | D:15     | Entered Level 15 of the Dungeon
 14230 | D:15     | Reached skill level 20 in Maces & Flails
 14350 | D:15     | Found a staircase to the Depths.
 14350 | D:15     | Noticed a dire elephant
 14383 | D:15     | Killed a dire elephant
 14913 | D:8      | Reached XP level 14. HP: 87/118 MP: 13/13
 14956 | Lair:1   | Entered Level 1 of the Lair of Beasts
 15549 | Lair:1   | Reached ****** piety under Trog
 15894 | Lair:2   | Found a staircase to the Swamp.
 15899 | Lair:2   | Received a gift from Trog
 15902 | Lair:2   | Got an iridescent giant club {god gift}
 15906 | Lair:2   | Identified the +6 giant club "Dothoysa" {flame, Fragile rPois rC+ MR+ Str+3} (Trog gifted it to you on level 2 of the Lair of Beasts)
 16353 | Lair:3   | Reached skill level 1 in Evocations
 16360 | Lair:3   | Reached skill level 21 in Maces & Flails
 17308 | Lair:4   | Noticed Nergalle
 17318 | Lair:4   | Killed Nergalle
 17347 | Lair:4   | Found a staircase to the Snake Pit.
 17458 | Lair:4   | Received a gift from Trog
 17604 | Lair:4   | Reached skill level 1 in Armour
 18728 | Lair:6   | Entered Level 6 of the Lair of Beasts
 19179 | Lair:6   | Reached XP level 15. HP: 111/128 MP: 16/16
 19506 | Lair:6   | Received a gift from Trog
 19697 | Lair:6   | Found a viscous altar of Jiyva.
 19698 | Lair:6   | Found a staircase to the Slime Pits.
 20484 | Lair:6   | Found a shimmering altar of Xom.
 20879 | Snake:1  | Entered Level 1 of the Snake Pit
 21194 | Snake:1  | Reached skill level 5 in Fighting
 21196 | Snake:1  | Reached skill level 5 in Dodging
 21310 | Snake:1  | Noticed a nagaraja
 21321 | Snake:1  | Killed a nagaraja
 21325 | Snake:1  | Noticed a nagaraja
 21544 | Snake:1  | Killed a nagaraja
 21952 | Snake:1  | Reached skill level 22 in Maces & Flails
 22139 | Orc:1    | Entered Level 1 of the Orcish Mines
 22227 | Orc:2    | Entered Level 2 of the Orcish Mines
 22253 | Orc:2    | Received a gift from Trog
 22363 | Orc:2    | Found a burning altar of Makhleb.
 22533 | Orc:2    | Found a staircase to the Elven Halls.
 22615 | Orc:2    | Found Plog's Magic Scroll Shop.
 22622 | Orc:2    | Reached skill level 5 in Evocations
 22828 | Orc:2    | Reached XP level 16. HP: 80/144 MP: 18/18
 23027 | Orc:2    | Found Obajuhaf's Assorted Antiques.
 23042 | Orc:2    | Found Zagaon's Book Emporium.
 23043 | Orc:2    | Found Tauf's General Store.
 23061 | Orc:2    | Bought a scroll of identify for 30 gold pieces
 23061 | Orc:2    | Bought 2 scrolls of identify for 60 gold pieces
 23061 | Orc:2    | Bought a scroll of enchant armour for 112 gold pieces
 23061 | Orc:2    | Bought a scroll of fear for 52 gold pieces
 23061 | Orc:2    | Bought a scroll of recharging for 142 gold pieces
 23075 | Orc:2    | Bought the ring "Qourr" {rF+ MR+} for 624 gold pieces
 23075 | Orc:2    | Bought 2 potions of heal wounds for 160 gold pieces
 23077 | Orc:2    | Bought a scroll of identify for 50 gold pieces
 23077 | Orc:2    | Bought a bronze wand for 100 gold pieces
 23083 | Orc:2    | Bought a steel ring for 125 gold pieces
 23083 | Orc:2    | Bought a glowing granite ring for 125 gold pieces
 23820 | D:15     | Reached skill level 5 in Armour
 24384 | D:15     | Received a gift from Trog
 26507 | Snake:2  | Found Tiacwyilie's Armour Emporium.
 26507 | Snake:2  | Found Giklab's Magic Scroll Shoppe.
 26519 | Snake:2  | Bought a +1 cloak of magic resistance for 214 gold pieces
 26538 | Snake:2  | Bought a scroll of blinking for 142 gold pieces
 27093 | Snake:3  | Received a gift from Trog
 28060 | Snake:4  | Entered Level 4 of the Snake Pit
 28105 | Snake:4  | Found an opulent altar of Gozag.
 28133 | Snake:4  | Reached XP level 17. HP: 123/156 MP: 20/20
 28314 | Snake:4  | Noticed Vashnia
 28314 | Snake:4  | Shot with a bolt by Vashnia

Vault maps used:
D:1:      dpeg_arrival_morbid_curiosity, minivault_27
D:2:      minmay_stone_trees_small, nicolae_ru_awakened_eye, uniq_terence,
          uniq_robin
D:4:      minitemple, minmay_temple_entry_glassed_door, uniq_sigmund,
          uniq_blork_the_orc
D:5:      lemuel_ice_spiral_2, first_bread, serial_glass, glass_columns_c,
          glass_columns_a, glass_columns_b, glass_columns_b
D:6:      nicolae_ossuary_entry_giza
D:7:      enter_bailey_7, serial_glass, glass_columns_a, glass_columns_a,
          the_bakery, lemuel_flamethrower_1, uniq_pikel
D:8:      dpeg_lair_monsters, grunt_gozag_breadcrumbs
D:9:      nicolae_overflow_crystal_walls, david_orc_4, serial_shops, shop
D:10:     cheibrodos_histonic, serial_shops, nicolae_shop_stone,
          ashenzari_altar_1, uniq_snorg, uniq_harold
D:12:     minmay_misc_feat_enclosed
D:13:     okawaru_ov_weapons_minmay
D:14:     david_vaults_5, serial_bayou_pond_c, nicolae_trove_entry_crystal,
          nrook_pool_corridor
D:15:     hangedman_depths_entry_try_elsewhere_first, minivault_7
Lair:1:   beast_lair_carwin_2
Lair:2:   minmay_swamp_entry_eels, lemuel_fruit_tree, grunt_megastairs_3
Lair:4:   minmay_snake_entry_guardpost_small, uniq_nergalle
Lair:5:   st_stairs_4
Lair:6:   guppyfry_lair_end_dragon, hangedman_lair_tendril_chambers,
          dpeg_slime_entry_enclosed_altar, kb_xom_exploding_sheep,
          serial_bayou_shore_b, lemuel_fruit_fields
Snake:1:  nicolae_snake_hallway, special_room, grunt_ministairs_3
Snake:2:  stair_cage_open, minmay_shoptagon, grunt_megastairs_2
Snake:3:  spider_trap, basic_stair_grate_trap
Snake:4:  minmay_snake_end_coiled, basic_altar, serial_bayou_shore_b,
          uniq_vashnia
Orc:1:    serial_shops, nicolae_shop_competitors_out_of_business
Orc:2:    st_orc_elflike, basic_altar, lemuel_statue_altar
Ossuary:  ossuary_tomb_3
Bailey:   bailey_polearm_2, bailey

Skill      XL: |  1  2  3  4  5  6  7  8  9 10 11 12 13 14 15 16 |
---------------+-------------------------------------------------+-----
Maces & Flails | 3 4 5 6 7 9 11 13 15 16 18 20 21 22 | 22.6
Evocations     | 3 5 6 |  6.5
Armour         | 2 4 6 |  6.4
Fighting       | 3 5 7 |  7.0
Dodging        | 3 5 7 |  7.2

Action                   |  1- 3 |  4- 6 |  7- 9 | 10-12 | 13-15 | 16-18 || total
-------------------------+-------+-------+-------+-------+-------+-------++-------
Melee: Mace              |    94 |   190 |   420 |   324 |       |       ||  1028
       Flail             |       |    31 |       |       |       |       ||    31
       Giant club        |       |       |       |   404 |   835 |   443 ||  1682
       Dire flail        |       |       |       |    10 |       |       ||    10
 Fire: Arbalest          |       |       |     5 |       |       |       ||     5
Throw: Large rock        |       |       |       |       |       |     1 ||     1
Invok: Berserk           |       |     3 |     8 |    15 |    19 |    10 ||    55
       Trog's Hand       |       |     1 |       |       |       |     1 ||     2
       Brothers in Arms  |       |       |     2 |     2 |     3 |       ||     7
Evoke: Wand              |       |       |    14 |    23 |    18 |    16 ||    71
       Lightning rod     |       |       |       |       |     4 |       ||     4
  Use: Scroll            |       |     3 |     7 |    22 |    19 |    18 ||    69
       Potion            |       |     6 |     1 |     8 |     4 |     4 ||    23
 Stab: Sleeping          |       |     2 |     3 |     3 |     6 |       ||    14
       Invisible         |       |     1 |       |       |       |       ||     1
       Confused          |       |       |       |     4 |     1 |       ||     5
       Paralysed         |       |       |       |       |       |     2 ||     2
  Eat: Chunk             |    10 |    20 |    37 |    88 |   117 |    47 ||   319
       Meat ration       |       |     1 |       |       |       |       ||     1
       Royal jelly       |       |       |       |     2 |     2 |       ||     4
       Fruit             |       |       |       |       |       |     3 ||     3
       Bread ration      |       |       |       |       |       |     2 ||     2
Armor: Animal skin       |    57 |   110 |       |       |       |       ||   167
       Robe              |       |    10 |   167 |   258 |     8 |       ||   443
       Skin              |       |       |     4 |     6 |       |       ||    10
       Acid dragon scale |       |       |       |       |   267 |   161 ||   428
Dodge: Dodged            |    66 |   133 |   196 |   311 |   347 |   216 ||  1269
